 Dungeon Crawl Stone Soup version 0.31.0-7-gf635a9b802 (webtiles) character file.

Game seed: 7919324971375919373

208 hikkokomori the Sneak (level 5, 0/29 HPs)
             Began as a Gargoyle Alchemist on Jan 24, 2024.
             Killed by divine providence
             ... invoked by an orc priest
              (13 damage)
             ... on level 3 of the Dungeon.
             The game lasted 00:05:31 (2997 turns).

hikkokomori the Sneak (Gargoyle Alchemist)          Turns: 2997, Time: 00:05:32

Health: 0/29       AC:  7    Str: 12    XL:     5   Next: 86%
Magic:  1/9        EV: 11    Int: 23    God:
Gold:   153        SH:  0    Dex: 14    Spells: 4/10 levels left

rFire   . . .        s - +5 short sword of Distraction {flame, *Corrode rC++ Dex+4}
rCold   + + +        (no shield)
rNeg    + . .        l - +1 ring mail {rC+}
rPois   ∞            (no helmet)
rElec   +            i - +0 cloak
rCorr   .            (no gloves)
SInv    .            (no boots)
Will    .....        (no amulet)
Stlth   ++           p - +6 ring of intelligence
HPRegen 0.24/turn    (no ring)
MPRegen 0.11/turn

%: corrode self (3%)
@: corroded
A: sickness immunity, AC +4, negative energy resistance 1, electricity
resistance, torment resistance 1, petrification resistance
a: no special abilities


You were on level 3 of the Dungeon.
You visited 1 branch of the dungeon, and saw 3 of its levels.

You collected 153 gold pieces.

Inventory:

Hand Weapons
 c - a +0 dagger
 h - a +0 dagger of electrocution
 s - the +5 short sword of Distraction (weapon) {flame, *Corrode rC++ Dex+4}
   (You found it on level 3 of the Dungeon)

   Dex+4:     It affects your dexterity (+4).
   rC++:      It greatly protects you from cold.
   *Corrode:  It may corrode you when you take damage.
Armour
 a - a +0 robe
 i - a +0 cloak (worn)
 l - a +1 ring mail of cold resistance (worn)
Jewellery
 p - a +6 ring of intelligence (left hand)
Scrolls
 e - a scroll of immolation {unknown}
 f - 2 scrolls of enchant weapon {unknown}
 g - 3 scrolls of enchant armour {unknown}
 k - 3 scrolls of amnesia {unknown}
 n - 2 scrolls of identify {unknown}
 q - a scroll of brand weapon {unknown}
 t - a scroll of silence {unknown}
Potions
 b - 2 potions of magic
 d - a potion of curing {unknown}
 j - 2 potions of degeneration {unknown}
 m - a potion of mutation {unknown}
 o - a potion of attraction {unknown}
 r - a potion of might {unknown}


   Skills:
 + Level 1.0 Fighting
 + Level 0.2 Short Blades
 - Level 2.4 Dodging
 + Level 3.6 Stealth
 + Level 3.0 Spellcasting
 - Level 2.5 Conjurations
 + Level 3.1 Alchemy


You had 4 spell levels left.
You knew the following spells:

 Your Spells              Type           Power      Damage    Failure   Level
a - Sting                 Conj/Alch      64%        1d7       9%          1
b - Mercury Vapours       Alch/Air       20%        N/A       21%         2
c - Mephitic Cloud        Conj/Alch/Air  12%        N/A       36%         3

Your spell library contained the following spells:

 Spells                   Type           Power      Damage    Failure   Level
 Apportation              Tloc           6%         N/A       26%         1
 Freeze                   Ice            12%        1d3       26%         1
 Jinxbite                 Hex            6%         N/A       36%         2
 Hailstorm                Conj/Ice       9%         3d6       43%         3
 Olgreb's Toxic Radiance  Alch           18%        N/A       56%         4
 Frozen Ramparts          Ice            6%         1d1       61%         3
 Gell's Gravitas          Tloc           3%         N/A       61%         3
 Summon Ice Beast         Ice/Summ       3%         N/A       61%         3
 Teleport Other           Tloc           3%         N/A       61%         3
 Sticky Flame             Fire/Alch      10%        2d5       80%         4
 Alistair's Intoxication  Alch           12%        N/A       89%         5
 Dispersal                Tloc           1%         N/A       100%        6
 Sculpt Simulacrum        Ice/Alch       5%         N/A       100%        6


Dungeon Overview and Level Annotations

Branches:
Dungeon (3/15)

Altars:
Okawaru
Trog
Vehumet


Innate Abilities, Weirdness & Mutations

You are immune to sickness and miasma.
Your stone body is resilient. (AC +4)
You are immune to poison.
You resist negative energy. (rN+)
You are resistant to electric shocks. (rElec)
You are resistant to unholy torment.
You are immune to petrification.


Message History

You hit the orc. You burn the orc.
You kill the orc!
You closely miss the orc. The orc hits you but does no damage.
You puncture the orc! You burn the orc.
You kill the orc!
Your Spellcasting skill increases to level 3!
You hit the orc but do no damage. The orc barely misses you.
You closely miss the orc. The orc hits you but does no damage.
The orc priest looks satisfied for a moment.
Your magical contamination has completely faded away.
You hit the orc. You burn the orc.
You kill the orc!
Your Fighting skill increases to level 1!
You hit the orc priest but do no damage.
The orc priest is heavily wounded.
The orc priest hits you but does no damage.
You barely miss the orc priest.
The orc priest is heavily wounded.
The orc priest mumbles some strange prayers to Beogh against you.
Beogh smites you!
You barely miss the orc priest.
The orc priest is heavily wounded.
The orc priest invokes the aid of Beogh against you.
Pain shoots through your body!
Your corrosive artefact corrodes you!
You barely miss the orc priest.
The orc priest is heavily wounded.
The orc priest is no longer weakened.
The orc priest hits you but does no damage.
You hit the orc priest. You burn the orc priest.
The orc priest is severely wounded.
The orc priest mumbles some strange prayers to Beogh against you.
You barely resist. You barely miss the orc priest.
The orc priest is severely wounded.
The orc priest hits you with a +0 whip.
You barely miss the orc priest.
The orc priest is almost dead.
The orc priest calls down the wrath of Beogh upon you.
Beogh smites you!
You die...

####...# #....#.## ##.####..#
#### ##################...#.....
.... #..........(...............
..#.###......#########.......>...
..#..##<.......# #...........
..##..)......#.#### ##...........
....)##........o@.# #...........#
..#####.....##'##..##..........##
#.# #....##≈§§##...>.###..#####
#.## #...##≈§o§§ #..#####..# ##
...# #..##≈≈ooo§§##..##....# ##.
...# #..##≈.....≈##..#...### #^.
#..## #.##8_.._.._8 #.#.### #.#
#...###.######8######...# ##.#
#.#..##.# #.## ##.# #...# #..#


You could see an orc priest (poisoned).

Vanquished Creatures
  An orc wizard (D:3)
  7 gnolls (D:2)
  5 adders (D:2)
  A ribbon worm (D:2)
  13 orcs (D:3)
  3 ball pythons
  3 endoplasms
  4 giant cockroaches
  5 goblins
  2 hobgoblins (D:2)
  A quokka (D:2)
  3 bats
  7 frilled lizards
  5 kobolds
  A rat (D:2)
61 creatures vanquished.

Notes
Turn   | Place    | Note
-------+----------+-------------------------------------------
     0 | D:1      | hikkokomori the Gargoyle Alchemist began the quest for the
                  | Orb.
     0 | D:1      | Reached XP level 1. HP: 10/10 MP: 3/3
    86 | D:1      | Reached XP level 2. HP: 13/15 MP: 0/5
  1149 | D:2      | Reached XP level 3. HP: 19/19 MP: 2/6
  1152 | D:2      | Learned a level 2 spell: Mercury Vapours
  1156 | D:2      | Learned a level 3 spell: Mephitic Cloud
  1321 | D:2      | Reached XP level 4. HP: 15/24 MP: 0/7
  1783 | D:2      | Reached XP level 5. HP: 23/28 MP: 0/9
  2288 | D:2      | Found a faded altar of an unknown god.
  2777 | D:3      | Identified the +5 short sword of Distraction {flame,
                  | *Corrode rC++ Dex+4}
  2972 | D:3      | Found an iron altar of Okawaru.
  2972 | D:3      | Found a radiant altar of Vehumet.
  2972 | D:3      | Found a bloodstained altar of Trog.
  2991 | D:3      | Reached skill level 1 in Fighting
  2997 | D:3      | Killed from afar by an orc priest

Illustrated notes

Levels and vault maps discovered:
D:1:      elethiomel_arrival_shortcut, layout_loops_ring, serial_rivers,
          chequers_serial_rivers_room_a, chequers_serial_rivers_small_a,
          chequers_serial_rivers_micro_e, chequers_serial_rivers_room_a,
          dk_noncrumbling_2
D:2:      layout_basic, basic_ecumenical_altar, st_stairs_4
D:3:      layout_rooms, gammafunk_temple_overflow_claw, amethyst_killhole,
          minmay_pentomino_pile

Skill      XL: |  1  2  3  4  5 |
---------------+----------------+-----
Dodging        | 2 |  2.4
Conjurations   | 2 |  2.5
Stealth        | 3 |  3.6
Alchemy        | 3 |  3.1
Spellcasting   | 3 |  3.0
Fighting       | 1 |  1.0
Short Blades   | |  0.2

Action                     |  1- 3 |  4- 6 || total
---------------------------+-------+-------++-------
  Melee: Dagger            |    38 |    81 ||   119
         Punch             |     2 |     1 ||     3
         Short sword       |       |    36 ||    36
   Cast: Sting             |    35 |    42 ||    77
         Mercury Vapours   |       |     2 ||     2
 Armour: Robe              |    29 |     4 ||    33
         Ring mail         |       |    93 ||    93
  Dodge: Dodged            |    26 |    48 ||    74
